Map: [ESL] Cosmic Sapphire

Players

ShaDoWn - Winner!

  • Race: Protoss Protoss
  • Spawn Location: 5:00

DnS

  • Race: Protoss Protoss
  • Spawn Location: 11:00

Event: DreamHack SC2 Masters 2022 Atlanta (Online)

VOD

Have the link to the VOD?

Description

Time

  • Played on: Oct. 9, 2022, 11:37 a.m.
  • Length: 12:20

All games in this series

Show
View Real Time Build Order
Export as new Build Order

ShaDoWn Protoss - Winner!

Build Orders: Oracle Opening 

Get SALT Encoding   

  12  0:00  Probe  
  13  0:12  Probe  
  14  0:17  Pylon  
  14  0:24  Probe  
  15  0:35  Gateway  
  15  0:36  Probe (Chrono Boost)  
  16  0:46  Probe (Chrono Boost), Assimilator  
  17  0:51  Probe (Chrono Boost)  
  17  0:54  Assimilator  
  18  1:03  Probe (Chrono Boost)  
  19  1:07  Gateway  
  19  1:14  Probe (Chrono Boost)  
  20  1:18  Probe (Chrono Boost)  
  20  1:22  Cybernetics Core  
  21  1:29  Probe  
  22  1:34  Pylon  
  22  1:41  Probe  
  23  1:58  Stargate  
  23  2:01  Adept x2  
  27  2:06  Probe  
  28  2:11  Warp Gate (Chrono Boost)  
  27  2:38  Nexus  
  27  2:39  Oracle (Chrono Boost)  
  30  2:49  Pylon  
  30  2:54  Probe  
  31  3:09  Oracle  
  31  3:12  Probe  
  35  3:16  Stalker  
  37  3:32  Probe  
  38  3:37  Pylon  
  38  3:43  Pylon  
  38  3:45  Probe  
  39  3:50  Probe  
  39  3:55  Stalker x2  
  42  3:57  Probe  
  42  4:02  Probe  
  46  4:10  Probe  
  47  4:17  Twilight Council  
  47  4:19  Probe  
  47  4:23  Probe  
  48  4:31  Probe  
  48  4:32  Stalker  
  48  4:35  Probe  
  50  4:44  Probe (Chrono Boost)  
  47  4:48  Probe (Chrono Boost)  
  47  4:49  Blink (Chrono Boost)  
  48  4:52  Stalker  
  48  4:55  Probe (Chrono Boost)  
  48  4:57  Probe (Chrono Boost)  
  52  5:00  Probe (Chrono Boost)  
  52  5:02  Probe (Chrono Boost), Stalker  
  56  5:10  Probe  
  57  5:15  Probe  
  58  5:21  Stalker  
  58  5:23  Probe  
  58  5:25  Assimilator  
  58  5:27  Stalker  
  64  5:35  Probe  
  64  5:40  Pylon  
  64  5:42  Shield Battery, Probe  
  63  5:54  Probe  
  62  6:00  Pylon  
  62  6:01  Probe, Pylon  
  62  6:03  Gateway  
  62  6:04  Gateway  
  61  6:06  Probe  
  62  6:12  Stalker x2  
  62  6:13  Probe  
  62  6:15  Nexus  
  67  6:20  Probe, Pylon  
  67  6:25  Probe  
  69  6:27  Forge  
  69  6:32  Probe (Chrono Boost)  
  69  6:39  Stalker x2  
  74  6:41  Probe (Chrono Boost)  
  74  6:43  Shield Battery  
  74  6:44  Probe (Chrono Boost)  
  74  6:46  Charge  
  75  6:50  Protoss Ground Weapons Level 1 (Chrono Boost)  
  75  6:52  Probe (Chrono Boost)  
  75  6:53  Probe (Chrono Boost)  
  77  6:58  Sentry, Probe  
  80  7:01  Probe  
  80  7:03  Stalker x2  
  80  7:06  Pylon  
  85  7:10  Probe  
  86  7:16  Pylon  
  86  7:24  Probe x2  
  86  7:26  Stalker x3  
  86  7:27  Probe  
  95  7:34  Assimilator  
  95  7:36  Probe  
  96  7:41  Nexus  
  96  7:47  Probe  
  96  7:49  Probe  
  96  7:50  Stalker x3  
  104  7:56  Gateway  
  104  7:57  Gateway  
  104  8:01  Gateway  
  104  8:06  Probe  
  105  8:15  Gateway, Pylon  
  105  8:18  Gateway  
  105  8:19  Gateway  
  105  8:22  Stalker x2, Pylon  
  105  8:24  Stalker  
  105  8:26  Probe  
  112  8:27  Probe  
  113  8:35  Shield Battery, Probe  
  113  8:39  Probe  
  115  8:43  Probe  
  115  8:44  Gateway  
  115  8:47  Stalker x2  
  115  8:48  Dark Shrine  
  120  8:51  Stalker  
  120  8:52  Protoss Ground Weapons Level 2 (Chrono Boost)  
  123  8:58  Pylon  
  123  9:02  Robotics Facility  
  122  9:06  Stalker x2  
  126  9:10  Stalker  
  128  9:31  Stalker x8  
  122  9:32  Probe  
  122  9:36  Probe  
  128  9:44  Probe  
  128  9:45  Stalker x2  
  131  9:46  Pylon  
  131  9:55  Zealot x6  
  131  9:56  Zealot x2  
  131  9:59  Observer  
  148  10:05  Pylon  
  148  10:10  Pylon  
  148  10:13  Zealot x2  
  152  10:16  Zealot x3  
  158  10:21  Zealot x3  
  158  10:23  Shadow Stride (Chrono Boost), Zealot x2  
  158  10:26  Assimilator x2  
  158  10:27  Probe  
  169  10:34  Zealot x2  
  173  10:41  Zealot  
  173  10:42  Zealot x5  
  179  10:46  Zealot  
  179  10:54  Zealot  
  175  11:01  Zealot x2  
  175  11:02  Zealot x3  
  175  11:03  Zealot x3  
  173  11:06  Observer  
  164  11:19  Stalker x2  
  168  11:26  Zealot x3, Stalker x3  
  168  11:30  Pylon  
  180  11:39  Pylon  
  174  11:52  Zealot x7, Stalker x2  
  174  11:53  Zealot  
  174  11:54  Observer  
  132  12:15  Stalker x10  
Show
View Real Time Build Order
Export as new Build Order

DnS Protoss 

Build Orders: Oracle Opening 

Get SALT Encoding   

  12  0:00  Probe  
  13  0:12  Probe  
  14  0:17  Pylon  
  14  0:24  Probe (Chrono Boost)  
  15  0:36  Probe (Chrono Boost)  
  15  0:38  Gateway  
  16  0:44  Probe (Chrono Boost)  
  16  0:46  Assimilator  
  17  0:51  Probe  
  18  0:57  Assimilator  
  18  1:03  Probe (Chrono Boost)  
  19  1:08  Gateway  
  19  1:13  Probe (Chrono Boost)  
  19  1:17  Probe (Chrono Boost)  
  21  1:26  Cybernetics Core  
  21  1:30  Probe  
  22  1:34  Pylon  
  22  1:45  Probe  
  23  1:57  Probe  
  24  2:03  Warp Gate, Stalker x2  
  28  2:12  Probe  
  29  2:17  Pylon  
  29  2:31  Stargate  
  29  2:36  Stalker  
  31  2:42  Stalker  
  33  3:07  Shield Battery  
  33  3:14  Nexus  
  33  3:21  Probe  
  33  3:22  Oracle (Chrono Boost)  
  35  3:36  Probe  
  35  3:38  Pylon  
  36  3:49  Probe  
  36  3:51  Twilight Council  
  37  4:02  Probe  
  38  4:08  Phoenix  
  39  4:11  Stalker  
  39  4:16  Probe (Chrono Boost)  
  40  4:28  Probe (Chrono Boost)  
  40  4:29  Probe (Chrono Boost)  
  42  4:36  Probe (Chrono Boost)  
  42  4:39  Probe (Chrono Boost)  
  43  4:45  Probe (Chrono Boost)  
  43  4:48  Probe (Chrono Boost)  
  43  4:49  Blink (Chrono Boost)  
  44  4:58  Probe (Chrono Boost)  
  44  4:59  Probe (Chrono Boost), Stalker  
  48  5:03  Probe (Chrono Boost)  
  49  5:07  Probe  
  49  5:12  Stalker  
  52  5:14  Probe  
  52  5:19  Probe  
  54  5:23  Stalker  
  54  5:25  Pylon  
  54  5:27  Probe  
  57  5:31  Probe  
  58  5:39  Probe  
  58  5:40  Stalker  
  61  5:43  Probe  
  62  5:51  Probe, Stalker  
  62  5:56  Probe  
  64  6:03  Probe, Stalker  
  67  6:13  Probe  
  67  6:15  Robotics Facility, Probe  
  67  6:17  Pylon  
  69  6:20  Assimilator  
  69  6:22  Pylon  
  69  6:29  Nexus  
  69  6:33  Pylon  
  69  6:39  Stalker x2  
  73  6:44  Gateway x2  
  73  6:47  Probe x2  
  73  6:52  Shield Battery  
  73  6:53  Pylon  
  75  7:01  Charge  
  75  7:02  Stalker x2  
  75  7:03  Observer  
  75  7:05  Probe x2  
  82  7:13  Forge  
  82  7:17  Probe (Chrono Boost)  
  82  7:18  Probe (Chrono Boost)  
  84  7:26  Pylon  
  84  7:27  Probe (Chrono Boost)  
  84  7:28  Probe (Chrono Boost)  
  84  7:29  Stalker x2  
  90  7:32  Probe (Chrono Boost)  
  90  7:34  Probe  
  92  7:39  Protoss Ground Weapons Level 1 (Chrono Boost)  
  92  7:42  Probe  
  92  7:44  Probe  
  94  7:46  Probe  
  95  7:52  Stalker x3  
  95  7:54  Probe  
  95  7:57  Stalker  
  104  8:02  Probe  
  104  8:05  Pylon  
  105  8:08  Observer, Gateway  
  105  8:09  Gateway  
  102  8:14  Gateway  
  102  8:15  Gateway  
  102  8:31  Nexus  
  102  8:32  Stalker x3  
  102  8:33  Stalker  
  110  8:34  Observer (Chrono Boost)  
  110  8:39  Probe x2  
  113  8:43  Pylon  
  113  8:52  Warp Prism (Chrono Boost)  
  115  8:56  Stalker x2  
  115  8:57  Stalker x2  
  115  9:00  Probe x3  
  126  9:04  Photon Cannon  
  126  9:08  Photon Cannon  
  126  9:14  Stalker x2  
  130  9:19  Stalker  
  130  9:21  Observer  
  132  9:24  Stalker  
  132  9:28  Zealot, Stalker  
  132  9:29  Zealot  
  124  9:44  Zealot  
  124  9:45  Zealot x3  
  132  9:46  Photon Cannon  
  132  9:47  Observer  
  133  9:57  Stalker x3  
  139  10:03  Gateway  
  139  10:04  Zealot  
  139  10:05  Zealot x3, Gateway  
  147  10:08  Photon Cannon  
  143  10:17  Probe x4  
  147  10:27  Stalker x2  
  147  10:28  Shield Battery  
  151  10:35  Stalker  
  153  10:36  Zealot  
  153  10:42  Zealot  
  155  10:46  Photon Cannon  
  153  10:50  Probe x3  
  153  10:52  Assimilator  
  153  10:53  Pylon  
  153  10:55  Pylon  
  153  10:56  Zealot x5  
  121  11:04  Stalker  
  121  11:05  Stalker x3  
  121  11:11  Stalker  
  121  11:18  Stalker x2  
  121  11:19  Probe  
  121  11:20  Probe x3  
  125  11:30  Zealot, Stalker x2  
  125  11:31  Zealot x2  
  135  11:37  Zealot x2  
  131  11:47  Stalker x3  
  131  11:53  Zealot x4  
  129  11:55  Zealot  
  129  12:00  Zealot x2  
  84  12:11  Zealot x3  
Tags
 
Add a new tag
Caveats
  • Supply blocks, unpowered buildings, or Contaminate may cause inaccurate times.
  • Supply counts are checked every 10 seconds.